 Dungeon Crawl Stone Soup version 0.30-b1-5-g8e6c1be481 (webtiles) character file.

Game seed: 12339513606066500551

578 zeram the Shield-Bearer (level 7, -1/60 HPs)
             Began as a Gnoll Fighter on May 4, 2023.
             Slain by Pikel
             ... wielding a +1 whip of flaming
              (3 damage)
             ... on level 4 of the Dungeon.
             The game lasted 00:04:40 (3403 turns).

zeram the Shield-Bearer (Gnoll Fighter)             Turns: 3403, Time: 00:04:41

Health: -1/60      AC: 10    Str: 17    XL:     7   Next: 36%
Magic:  3/3        EV: 10    Int:  8    God:
Gold:   213        SH:  6    Dex: 11    Spells: 11/11 levels left

rFire   . . .        n - +3 trident (antimagic)
rCold   + . .        c - +1 buckler
rNeg    . . .        b - +0 scale mail
rPois   .            g - +1 helmet
rElec   .            (no cloak)
rCorr   .            (no gloves)
SInv    .            (no boots)
Will    .....        (no amulet)
Stlth   +            r - ring of protection from cold
HPRegen 0.30/turn    (no ring)
MPRegen 0.08/turn

%: no passive effects
@: mighty, flying
A: fangs 1, strong nose, distributed training
a: no special abilities


You were on level 4 of the Dungeon.
You visited 1 branch of the dungeon, and saw 4 of its levels.

You collected 213 gold pieces.

Inventory:

Hand Weapons
 a - a +1 war axe of draining
 n - a +3 antimagic trident (weapon)
Armour
 b - a +0 scale mail (worn)
 c - a +1 buckler (worn)
 g - a +1 helmet (worn)
Jewellery
 r - a ring of protection from cold (left hand)
Scrolls
 e - a scroll of teleportation
 i - 2 scrolls of identify
 k - 3 scrolls of immolation
 m - 4 scrolls of torment
 p - a scroll of acquirement {unknown}
 u - a scroll of enchant armour
Potions
 f - 4 potions of curing
 h - a potion of haste
 j - 2 potions of lignification
 l - a potion of resistance
 o - a potion of mutation {unknown}
 s - a potion of heal wounds {unknown}
 t - a potion of cancellation {unknown}


   Skills:
 + Level 7.0 Fighting
 + Level 2.5 Short Blades
 + Level 2.5 Long Blades
 + Level 5.2 Axes
 + Level 2.5 Maces & Flails
 + Level 2.5 Polearms
 + Level 2.5 Staves
 + Level 2.5 Ranged Weapons
 + Level 2.5 Throwing
 + Level 7.0 Armour
 + Level 2.5 Dodging
 + Level 2.5 Stealth
 + Level 7.0 Shields
 + Level 2.5 Unarmed Combat
 + Level 2.5 Spellcasting
 + Level 2.0 Conjurations
 + Level 2.0 Hexes
 + Level 2.0 Summonings
 + Level 2.0 Necromancy
 + Level 2.0 Translocations
 + Level 2.0 Transmutations
 + Level 2.0 Fire Magic
 + Level 2.0 Ice Magic
 + Level 2.0 Air Magic
 + Level 2.0 Earth Magic
 + Level 2.0 Poison Magic
 + Level 2.8 Invocations
 + Level 2.5 Evocations


You had 11 spell levels left.
You didn't know any spells.
Your spell library contained the following spells:

 Spells                   Type           Power      Damage    Failure   Level
 Apportation              Tloc           8%         N/A       47%         1
 Necrotise                Necr           16%        1d4       47%         1
 Slow                     Hex            16%        N/A       47%         1
 Summon Small Mammal      Summ           16%        N/A       47%         1
 Confusing Touch          Hex            4%         N/A       85%         3
 Vampiric Draining        Necr           4%         2d6       85%         3


Dungeon Overview and Level Annotations

Branches:
Dungeon (4/15)
 Temple: D:4-7

Altars:
Trog
Xom

Annotations:
D:4 Pikel


Innate Abilities, Weirdness & Mutations

You have very sharp teeth.
Your uncanny sense of smell can sniff out nearby items.
Your experience applies equally to all skills.


Message History

You puncture Pikel!
Pikel is heavily wounded.
Pikel closely misses you. The lemure closely misses you. The lemure misses you.
You block the lemure's attack. The lemure hits you.
Unknown command.
You barely miss Pikel.
Pikel is heavily wounded.
Pikel closely misses you. The lemure hits you. You block the lemure's attack.
The lemure hits you. x2
You barely miss Pikel.
Pikel is heavily wounded.
Pikel hits you but does no damage. The lemure hits you but does no damage.
The lemure hits you. The lemure hits you but does no damage.
The lemure hits you.
You hit Pikel.
Pikel is severely wounded.
You block Pikel's attack. The lemure hits you.
* * * LOW HITPOINT WARNING * * *
The lemure hits you but does no damage. The lemure hits you.
* * * LOW HITPOINT WARNING * * *
The lemure hits you but does no damage.
You hit Pikel.
Pikel is severely wounded.
Pikel closely misses you. The lemure barely misses you. x2
The lemure hits you.
* * * LOW HITPOINT WARNING * * *
The lemure barely misses you.
Pikel hits you with a +1 whip of flaming.
* * * LOW HITPOINT WARNING * * *
Pikel burns you.
* * * LOW HITPOINT WARNING * * *
You block the lemure's attack. x3; The lemure hits you.
* * * LOW HITPOINT WARNING * * *
It was a potion of flight.
You feel very buoyant.
You fly up into the air.
Pikel hits you with a +1 whip of flaming.
* * * LOW HITPOINT WARNING * * *
Pikel burns you.
You die...

#....>....### #...........#
#...........# #............
#............
#####............ ##
##...#...5K5.....# #.
##........5@5...(.. #.
##.................# #
#................... .
#...................## .#
#.......)............###.#
#..................<.....##.
#........#........#..........
#........##......##......##..
#.........#..###.##......#...


You could see Pikel and 4 lemures.

Vanquished Creatures
  Sigmund (D:4)
  A black bear (D:4)
  An ogre (D:4)
  An iguana (D:4)
  Natasha (twice) (D:3)
  3 gnolls
  4 adders
  A worm (D:2)
  2 dart slugs (D:4)
  11 orcs
  5 bats
  7 endoplasms
  4 giant cockroaches
  8 goblins
  5 hobgoblins
  4 jackals (D:3)
  3 quokkas
  10 ball pythons
  2 frilled lizards (D:2)
  13 kobolds
  6 rats
94 creatures vanquished.

Vanquished Creatures (others)
  3 plants (D:3)
3 creatures vanquished.

Grand Total: 97 creatures vanquished

Notes
Turn   | Place    | Note
-------+----------+-------------------------------------------
     0 | D:1      | zeram the Gnoll Fighter began the quest for the Orb.
     0 | D:1      | Reached XP level 1. HP: 23/23 MP: 1/1
    26 | D:1      | Reached XP level 2. HP: 8/29 MP: 2/2
   443 | D:1      | Reached XP level 3. HP: 35/35 MP: 3/3
   672 | D:1      | Reached skill level 1 in Invocations
   949 | D:2      | Reached skill level 1 in Short Blades
   949 | D:2      | Reached skill level 1 in Long Blades
   949 | D:2      | Reached skill level 1 in Maces & Flails
   949 | D:2      | Reached skill level 1 in Polearms
   949 | D:2      | Reached skill level 1 in Staves
   949 | D:2      | Reached skill level 1 in Ranged Weapons
   949 | D:2      | Reached skill level 1 in Throwing
   949 | D:2      | Reached skill level 1 in Dodging
   949 | D:2      | Reached skill level 1 in Stealth
   949 | D:2      | Reached skill level 1 in Unarmed Combat
   949 | D:2      | Reached skill level 1 in Spellcasting
   949 | D:2      | Reached skill level 1 in Evocations
  1080 | D:2      | Reached XP level 4. HP: 40/41 MP: 5/5
  1796 | D:3      | Reached skill level 1 in Conjurations
  1796 | D:3      | Reached skill level 1 in Hexes
  1796 | D:3      | Reached skill level 1 in Summonings
  1796 | D:3      | Reached skill level 1 in Necromancy
  1796 | D:3      | Reached skill level 1 in Translocations
  1796 | D:3      | Reached skill level 1 in Transmutations
  1796 | D:3      | Reached skill level 1 in Fire Magic
  1796 | D:3      | Reached skill level 1 in Ice Magic
  1796 | D:3      | Reached skill level 1 in Air Magic
  1796 | D:3      | Reached skill level 1 in Earth Magic
  1796 | D:3      | Reached skill level 1 in Poison Magic
  1998 | D:3      | Found a shimmering altar of Xom.
  2265 | D:3      | Reached XP level 5. HP: 38/47 MP: 7/7
  2333 | D:3      | Noticed Natasha
  2340 | D:3      | Killed Natasha
  2470 | D:3      | Found a faded altar of an unknown god.
  2623 | D:3      | Found a bloodstained altar of Trog.
  2725 | D:3      | Noticed Natasha
  2735 | D:3      | Killed Natasha
  2970 | D:4      | Noticed Sigmund
  2984 | D:4      | Killed Sigmund
  2985 | D:4      | Reached skill level 5 in Axes
  2985 | D:4      | Reached XP level 6. HP: 46/53 MP: 3/9
  3096 | D:4      | Noticed a black bear
  3104 | D:4      | Killed a black bear
  3105 | D:4      | Reached XP level 7. HP: 54/60 MP: 3/10
  3387 | D:4      | Noticed Pikel
  3403 | D:4      | HP: 2/60 [Pikel/+1 whip of flaming (5)]
  3403 | D:4      | Slain by Pikel

Illustrated notes

Levels and vault maps discovered:
D:1:      nicolae_arrival_washed_ashore, layout_basic, due_unseen_surprise
D:2:      layout_basic, kennysheep_decorative_pillar,
          chequers_serial_rivers_room_b
D:3:      layout_loops_ring, trog_antimagical, lemuel_doored_altar,
          shapermc_ecumenical_altar_mp_vishouse, serial_bayou_lagoon_b,
          uniq_natasha
D:4:      layout_rooms, grunt_temple_overflow_cloverleaf, roderic_roman_lattice,
          chequers_serial_rivers_large_b, hangedman_decor_diamond_cutter,
          uniq_sigmund, uniq_pikel

Skill      XL: |  1  2  3  4  5  6  7 |
---------------+----------------------+-----
Invocations    | 1 2 |  2.8
Short Blades   | 1 2 |  2.5
Long Blades    | 1 2 |  2.5
Maces & Flails | 1 2 |  2.5
Polearms       | 1 2 |  2.5
Staves         | 1 2 |  2.5
Ranged Weapons | 1 2 |  2.5
Throwing       | 1 2 |  2.5
Dodging        | 1 2 |  2.5
Stealth        | 1 2 |  2.5
Unarmed Combat | 1 2 |  2.5
Spellcasting   | 1 2 |  2.5
Evocations     | 1 2 |  2.5
Conjurations   | 1 2 |  2.0
Hexes          | 1 2 |  2.0
Summonings     | 1 2 |  2.0
Necromancy     | 1 2 |  2.0
Translocations | 1 2 |  2.0
Transmutations | 1 2 |  2.0
Fire Magic     | 1 2 |  2.0
Ice Magic      | 1 2 |  2.0
Air Magic      | 1 2 |  2.0
Earth Magic    | 1 2 |  2.0
Poison Magic   | 1 2 |  2.0
Axes           | 5 |  5.2
Fighting       | 7 |  7.0
Armour         | 7 |  7.0
Shields        | 7 |  7.0

Action                     |  1- 3 |  4- 6 |  7- 9 || total
---------------------------+-------+-------+-------++-------
  Melee: War axe           |    77 |    94 |       ||   171
         Bite              |     8 |    12 |     8 ||    28
         Trident           |       |    56 |    45 ||   101
    Use: Scroll            |     5 |     9 |       ||    14
         Potion            |       |       |     2 ||     2
 Armour: Scale mail        |    30 |    84 |    19 ||   133
  Dodge: Dodged            |    26 |    53 |    40 ||   119
  Block: Buckler           |    22 |    46 |    13 ||    81
